 Dungeon Crawl Stone Soup version 0.21-a0-522-ga8338f0 (webtiles) character file.

2958 solxrula the Basher (level 9, 0/85 HPs)
             Began as a Troll Berserker on Dec 7, 2017.
             Was an Elder of Trog.
             Succumbed to a killer bee's poison
             ... on level 8 of the Dungeon.
             The game lasted 00:30:09 (6241 turns).

solxrula the Basher (Troll Berserker)               Turns: 6241, Time: 00:30:10

Health: 0/85       AC:  7    Str: 29    XL:     9   Next: 52%
Magic:  9/9        EV: 13    Int:  3    God:    Trog [****..]
Gold:   493        SH:  0    Dex: 10    Spells: 8/8 levels left

rFire    . . .     SeeInvis .   a - +3 mace
rCold    . . .     Gourm    +   (no shield)
rNeg     . . .     Faith    .   b - +2 animal skin
rPois    .         Spirit   .   (helmet restricted)
rElec    .         Reflect  .   (no cloak)
rCorr    .         Harm     .   (gloves unavailable)
MR       .....     Rnd*Tele +   (boots unavailable)
Stlth    +.........             (no amulet)
HPRegen  0.64/turn              (no ring)
MPRegen  0.11/turn              (no ring)

@: lethally poisoned (0 -> -4), berserk cooldown, very slightly contaminated,
slowed, very slow
A: large, unfitting armour, claws 3, repulsion field 1, deterioration 1, fast
metabolism 3, gourmand, regeneration 1, shaggy fur 1, teleportitis 1, tough skin
2
a: Berserk, Trog's Hand, Brothers in Arms, Burn Spellbooks, Renounce Religion


You were on level 8 of the Dungeon.
You worshipped Trog.
Trog was greatly pleased with you.
You were not hungry.

You visited 1 branch of the dungeon, and saw 8 of its levels.

You collected 493 gold pieces.

Inventory:

Hand Weapons
 a - a +3 mace (weapon)
Armour
 b - a +2 animal skin (worn)
Wands
 j - a wand of polymorph (21)
 o - a wand of flame (39)
 p - a wand of random effects (38)
 s - a wand of paralysis (11)
Scrolls
 d - 4 scrolls of identify
 i - a scroll of enchant weapon
 m - a scroll of enchant armour
 r - a scroll of remove curse
 v - a scroll of teleportation
 x - 2 scrolls of fog
 y - a scroll of vulnerability {unknown}
Potions
 e - 2 potions of agility
 k - 2 potions of brilliance
 l - a potion of flight
 t - a potion of haste {unknown}
 u - a potion of mutation
Books
 n - a book of Party Tricks

   Spells                             Type                      Level
   a - Summon Butterflies             Summoning                    1
   b - Apportation                    Translocation                1
   c - Lesser Beckoning               Translocation                3
   d - Tukima's Dance                 Hexes                        3
   e - Alistair's Intoxication        Transmutation/Poison         5
   f - Invisibility                   Hexes                        6
   Trog disapproves of the use of such an item.
 w - a book of Changes

   Spells                             Type                      Level
   a - Beastly Appendage              Transmutation                1
   b - Sticks to Snakes               Transmutation                2
   c - Spider Form                    Transmutation/Poison         3
   d - Ice Form                       Ice/Transmutation            4
   e - Blade Hands                    Transmutation                5
   Trog disapproves of the use of such an item.
Comestibles
 c - 5 bread rations
 f - 5 royal jellies
 g - 2 meat rations
 z - 4 fruits


   Skills:
 + Level 4.6 Fighting
 * Level 10.3 Maces & Flails
 + Level 4.8 Dodging
 + Level 1.1 Stealth
 + Level 1.5 Evocations


You had 8 spell levels left.
You didn't know any spells.

Dungeon Overview and Level Annotations

Branches:
Dungeon (8/15)             Temple (0/1) D:6
   Lair: D:8-11

Altars:
Cheibriados
Fedhas
Gozag
Kikubaaqudgha
Okawaru
Qazlal
Ru
Sif Muna
Uskayaw
Yredelemnul
The Shining One

Shops:
D:4 *   D:6 }


Innate Abilities, Weirdness & Mutations

You are too large for most types of armour.
You have claws for hands.
Your metabolism is lightning-fast.
You like to eat raw meat.
Your natural rate of healing is unusually fast.
You are covered in fur. (AC +1)
You have very tough skin. (AC +2)
You are surrounded by a mild repulsion field. (EV +2)
Your body sometimes deteriorates upon taking damage.
You are occasionally teleported next to monsters.


Message History

You are more poisoned.
The killer bee poisons you! The killer bee completely misses you.
You closely miss the killer bee.
You feel sick. The killer bee barely misses you.
The killer bee stings you but does no damage.
The killer bee stings you!
* * * LOW HITPOINT WARNING * * *
As you read the scroll of teleportation, it crumbles to dust.
You feel strangely unstable.
You feel sick. The killer bee barely misses you. x2
The killer bee stings you!
* * * LOW HITPOINT WARNING * * *
You feel sick. The killer bee stings you.
* * * LOW HITPOINT WARNING * * *
The killer bee closely misses you.
You feel sick. The killer bee stings you.
* * * LOW HITPOINT WARNING * * *
You are more poisoned.
The killer bee poisons you!
Your surroundings suddenly seem different.
You die...

############.# ####
############.#################...
................................>
#..............####..########....
#..............#...#.# #....
...............#...#.# #....
...............#...#.# #....
.....######....#...#.# #.#..
...............#@..#.. #.#..
.....######....#...##. #.#..
.....######)...#...# . #.#..
...............#...# #.#..
...............#...# #.#..
...........#####.... #.#..
...........# #..... .###
...........# #...... ....
...........##### ....


There were no monsters in sight!

Vanquished Creatures
  Grinder (D:5)
  A wyvern (D:8)
  Eustachio (D:4)
  2 sky beasts (D:6)
  2 ice beasts
  An orc warrior (D:6)
  A centaur (D:7)
  A necrophage (D:5)
  A big kobold (D:7)
  3 bullfrogs
  A wyvern zombie (D:7)
  2 scorpions
  3 killer bees (D:8)
  2 howler monkeys
  4 crimson imps
  2 jellies
  3 bullfrog zombies
  A centaur zombie (D:6)
  3 hounds
  2 orc priests (D:6)
  A centaur skeleton (D:7)
  2 iguanas (D:6)
  Natasha (D:3)
  7 orc wizards
  5 worker ants
  A killer bee zombie (D:8)
  A worker ant zombie (D:7)
  3 gnolls (D:2)
  15 adders
  An adder zombie (D:7)
  2 worms
  3 dart slugs
  2 leopard geckos
  21 orcs
  6 giant cockroaches
  6 goblins
  8 hobgoblins
  4 jackals (D:4)
  3 quokkas
  A ball python (D:4)
  5 bats
  5 frilled lizards
  19 kobolds
  2 leopard gecko zombies
  7 rats
168 creatures vanquished.

Notes
Turn   | Place    | Note
-------+----------+-------------------------------------------
     0 | D:1      | solxrula the Troll Berserker began the quest for the Orb.
     0 | D:1      | Reached XP level 1. HP: 22/22 MP: 0/0
    76 | D:1      | Reached skill level 3 in Maces & Flails
    76 | D:1      | Reached XP level 2. HP: 25/29 MP: 1/1
   276 | D:1      | Reached ** piety under Trog
   726 | D:2      | Reached XP level 3. HP: 32/36 MP: 2/2
   857 | D:2      | Reached XP level 4. HP: 44/44 MP: 3/3
   861 | D:2      | Reached skill level 4 in Maces & Flails
   926 | D:2      | Found a faded altar of an unknown god.
  1127 | D:2      | Reached XP level 5. HP: 51/52 MP: 4/4
  1318 | D:2      | Found a deep blue altar of Sif Muna.
  1577 | D:3      | Found a snail-covered altar of Cheibriados.
  2115 | D:3      | Found a basalt altar of Yredelemnul.
  2184 | D:3      | Found a stormy altar of Qazlal.
  2184 | D:3      | Noticed Natasha
  2202 | D:3      | Killed Natasha
  2202 | D:3      | Reached skill level 5 in Maces & Flails
  2408 | D:4      | Noticed Eustachio
  2421 | D:4      | Reached XP level 6. HP: 48/61 MP: 5/5
  2432 | D:4      | Reached *** piety under Trog
  2829 | D:4      | Found Riwagidd's General Store.
  3020 | D:4      | Killed Eustachio
  3020 | D:4      | Reached skill level 6 in Maces & Flails
  3211 | D:5      | Entered Level 5 of the Dungeon
  3280 | D:5      | Reached XP level 7. HP: 67/67 MP: 6/6
  3335 | D:5      | Found a hide-covered altar of Uskayaw.
  3441 | D:5      | Noticed Grinder
  3463 | D:5      | Paralysed by Grinder for 5 turns
  3469 | D:5      | Killed Grinder
  3469 | D:5      | Reached skill level 7 in Maces & Flails
  3635 | D:5      | Reached XP level 8. HP: 78/78 MP: 7/7
  3908 | D:5      | Reached skill level 8 in Maces & Flails
  3949 | D:5      | Reached **** piety under Trog
  4067 | D:5      | Gained mutation: Your body sometimes deteriorates upon taking damage. [potion of mutation]
  4067 | D:5      | Gained mutation: You are occasionally teleported next to monsters. [potion of mutation]
  4067 | D:5      | Gained mutation: You are surrounded by a mild repulsion field. (EV +2) [potion of mutation]
  4139 | D:6      | Found a sacrificial altar of Ru.
  4163 | D:6      | Reached skill level 1 in Evocations
  4171 | D:6      | Found Pijexed's Gadget Boutique.
  4479 | D:6      | Reached skill level 9 in Maces & Flails
  4497 | D:6      | Found a staircase to the Ecumenical Temple.
  4709 | D:6      | Found a blossoming altar of Fedhas.
  4946 | D:7      | Reached skill level 1 in Stealth
  4946 | D:7      | Reached XP level 9. HP: 83/83 MP: 8/8
  5575 | D:7      | Found an iron altar of Okawaru.
  5575 | D:7      | Found an opulent altar of Gozag.
  5576 | D:7      | Found an ancient bone altar of Kikubaaqudgha.
  5948 | D:8      | Found a glowing golden altar of the Shining One.
  6003 | D:8      | Reached skill level 10 in Maces & Flails
  6022 | D:8      | Noticed Maurice
  6198 | D:8      | Noticed Maurice
  6210 | D:8      | Killed Maurice the scorpion
  6240 | D:8      | HP: 1/85 [killer bee (5)]
  6241 | D:8      | Succumbed to a killer bee's poison

Vault maps used:
D:1:      minmay_arrival_stair_chambers
D:2:      led_sif_pool, chequers_ecumenical_altar_island
D:3:      cheibriados_altar_1, nicolae_qazlal_general_emergency,
          lemuel_round_altar, uniq_natasha
D:4:      serial_shops, shop_coins, serial_glass, glass_columns_b,
          glass_columns_b, uniq_eustachio
D:5:      eat_drink_and_be_merry_uskayaw, first_bread, uniq_grinder
D:6:      old_standard_altar, kennysheep_mini, minmay_temple_entry_junction,
          serial_shops, shop
D:7:      nicolae_overflow_hidden_temple
D:8:      lemuel_crystal_altar, uniq_grum, uniq_gastronok, uniq_psyche,
          uniq_maurice

Skill      XL: |  1  2  3  4  5  6  7  8  9 |
---------------+----------------------------+-----
Maces & Flails | 3 4 5 6 7 9 10 | 10.3
Dodging        | 3 4 |  4.8
Fighting       | 3 4 |  4.6
Evocations     | 1 |  1.5
Stealth        | 1 |  1.1

Action                   |  1- 3 |  4- 6 |  7- 9 || total
-------------------------+-------+-------+-------++-------
Melee: Mace              |   102 |   211 |   384 ||   697
Invok: Berserk           |     1 |     3 |     4 ||     8
Evoke: Wand              |       |     7 |    23 ||    30
  Use: Scroll            |     3 |     8 |     6 ||    17
       Potion            |     1 |     6 |     3 ||    10
  Eat: Chunk             |    11 |    26 |    22 ||    59
       Meat ration       |       |       |     1 ||     1
Armor: Animal skin       |    23 |    82 |    98 ||   203
Dodge: Dodged            |    57 |   118 |   178 ||   353

Table legend:
 A = Spawn XP
 B = Non-spawn XP
 C = Spawn XP percentage of total XP
 D = Spawn monster count
 E = Non-spawn monster count
 F = Spawn count percentage of total count
 G = Total turns spent on level
                    A         B        C        D         E        F      G
               +---------+---------+-------+---------+---------+-------+---------
         Total |       0 |    4226 |   0.0 |       0 |     168 |   0.0 |  6241
               +---------+---------+-------+---------+---------+-------+---------
           D:1 |       0 |      36 |   0.0 |       0 |      25 |   0.0 |   694
           D:2 |       0 |     176 |   0.0 |       0 |      20 |   0.0 |   752
           D:3 |       0 |     113 |   0.0 |       0 |      23 |   0.0 |   847
           D:4 |       0 |     402 |   0.0 |       0 |      16 |   0.0 |   918
           D:5 |       0 |    1138 |   0.0 |       0 |      28 |   0.0 |   898
           D:6 |       0 |     909 |   0.0 |       0 |      25 |   0.0 |   819
           D:7 |       0 |     777 |   0.0 |       0 |      18 |   0.0 |   862
           D:8 |       0 |     675 |   0.0 |       0 |      13 |   0.0 |   451
               +---------+---------+-------+---------+---------+-------+---------
